 Dungeon Crawl Stone Soup version 0.21.1-1-g345015f (webtiles) character file.

52 letownia2 the Poker (level 3, 12/27 HPs)
             Began as a Merfolk Skald on Mar 11, 2018.
             Quit the game on level 3 of the Dungeon.
             The game lasted 00:03:15 (599 turns).

letownia2 the Poker (Merfolk Skald)                  Turns: 599, Time: 00:03:17

Health: 12/27      AC:  6    Str: 11    XL:     3   Next: 85%
Magic:  3/6        EV: 11    Int: 13    God:
Gold:   36         SH:  0    Dex: 13    Spells: 3/6 levels left

rFire    + . .     SeeInvis .   k - +2 dagger (venom)
rCold    . . .     Gourm    .   (no shield)
rNeg     . . .     Faith    .   e - +1 ring mail {rF+}
rPois    .         Spirit   .   (no helmet)
rElec    .         Reflect  .   (no cloak)
rCorr    .         Harm     .   (no gloves)
MR       .....                  (no boots)
Stlth    +.........             (no amulet)
HPRegen  0.09/turn              (no ring)
MPRegen  0.10/turn              (no ring)

@: mildly poisoned (12 -> 10), very slightly contaminated
A: change form in water, swift swim, stealthy swim
a: no special abilities


You were on level 3 of the Dungeon.
You were not hungry.

You visited 1 branch of the dungeon, and saw 4 of its levels.

You collected 36 gold pieces.

Inventory:

Hand Weapons
 a - a +0 spear
 k - a +2 dagger of venom (weapon)
Armour
 b - a +0 leather armour
 e - a +1 ring mail of fire resistance (worn)
 h - a cursed +0 buckler
Scrolls
 g - 2 scrolls of remove curse {unknown}
 i - a scroll of immolation {unknown}
Potions
 f - a potion of curing {unknown}
 j - a potion of might {unknown}
Books
 c - a book of Battle

   Spells                             Type                      Level
   a - Infusion                       Charms                       1
   b - Shroud of Golubria             Charms/Translocation         2
   c - Song of Slaying                Charms                       2
   d - Spectral Weapon                Hexes/Charms                 3
   e - Regeneration                   Charms/Necromancy            3
Comestibles
 d - 2 rations
 l - 2 chunks of flesh


   Skills:
 - Level 2.1 Fighting
 + Level 5.9 Polearms
 - Level 0.6 Armour
 - Level 2.6 Dodging
 - Level 2.0 Spellcasting
 - Level 3.2 Charms


You had 3 spell levels left.
You knew the following spells:

 Your Spells              Type           Power        Failure   Level  Hunger
a - Infusion              Chrm           #...         16%         1    ##.....
t - Shroud of Golubria    Chrm/Tloc      #.........   43%         2    ###....


Dungeon Overview and Level Annotations

Branches:
Dungeon (4/15)
 Temple: D:4-7

Altars:
Kikubaaqudgha
Zin


Message History

The adder bites you. The adder bites you but does no damage.
You hit the adder.
The adder is poisoned.
The adder is moderately wounded.
You feel sick. The adder bites you but does no damage.
You barely miss the adder.
The adder is heavily wounded.
The adder bites you but does no damage.
You feel sick. The adder closely misses you.
You feel sick.
You hit the adder.
You kill the adder!
You see here an adder corpse.
You butcher the adder corpse.
You feel sick.
l - 2 chunks of flesh You see here an adder skeleton.
Found 23 stones.
You feel sick.
You see here 23 stones.
You feel sick.
Are you sure you want to abandon this character and quit the game? (Confirm with "yes".)

############.....
...............♣
#.............♣
#..............
#............._
####....÷..>......
#.#######.#......♣
#.#######.#.#.....
#@.....(..#.#.....
#.#########.##...#
#.# #.##.##.
#.#######.# #.##.##.
#.......#.# #.##.##.
#.#.# ######.##.##.
#.#.####....#.#...(.
#.#....'......#.(##.
#.######....###..##.


There were no monsters in sight!

Vanquished Creatures
  2 adders (D:3)
  2 oozes
  A worm (D:2)
  A dart slug (D:1)
  An orc (D:3)
  A giant cockroach (D:1)
  3 goblins (D:3)
  2 hobgoblins (D:1)
  3 jackals (D:2)
  2 kobolds
  2 bats (D:2)
20 creatures vanquished.

Notes
Turn   | Place    | Note
-------+----------+-------------------------------------------
     0 | D:1      | letownia2 the Merfolk Skald began the quest for the Orb.
     0 | D:1      | Reached XP level 1. HP: 16/16 MP: 3/3
    31 | D:1      | Reached skill level 4 in Polearms
    31 | D:1      | Reached XP level 2. HP: 19/22 MP: 0/5
    40 | D:1      | Learned a level 2 spell: Shroud of Golubria
   211 | D:3      | Reached skill level 5 in Polearms
   211 | D:3      | Reached XP level 3. HP: 15/27 MP: 6/6
   408 | D:3      | Found an ancient bone altar of Kikubaaqudgha.
   542 | D:3      | Found a glowing silver altar of Zin.
   599 | D:3      | Quit the game

Skill      XL: |  1  2 |
---------------+-------+-----
Polearms       | 4 5 |  5.9
Fighting       | |  2.1
Armour         | |  0.6
Dodging        | |  2.6
Spellcasting   | |  2.0
Charms         | |  3.2

Action                   || total
-------------------------++-------
Melee: Spear             ||   107
       Dagger            ||     4
 Cast: Infusion          ||     4
       Shroud of Golubri ||     1
Armor: Leather armour    ||    10
       Ring mail         ||    24
Dodge: Dodged            ||    38
